 Dungeon Crawl Stone Soup version 0.21.1-1-g345015fe64 (webtiles) character file.

579 Ikesh the Sneak (level 7, -2/32 HPs)
             Began as a Spriggan Enchanter on Feb 7, 2018.
             Slain by a mummy (17 damage)
             ... on level 5 of the Dungeon.
             The game lasted 00:32:10 (5481 turns).

Ikesh the Sneak (Spriggan Enchanter)                Turns: 5481, Time: 00:32:11

Health: -2/32      AC:  3    Str:  9    XL:     7   Next: 13%
Magic:  7/17       EV: 18    Int: 19    God:
Gold:   211        SH:  8    Dex: 16    Spells: 7/18 levels left

rFire    . . .     SeeInvis +   e - +1 dagger (venom)
rCold    . . .     Gourm    .   i - +0 buckler (curse)
rNeg     . . .     Faith    .   b - +0 robe
rPois    .         Spirit   .   (helmet restricted)
rElec    .         Reflect  +   k - +0 cloak
rCorr    .         Harm     .   (gloves unavailable)
MR       +....                  (boots unavailable)
Stlth    ++++......             g - +3 amulet of reflection
HPRegen  0.10/turn              f - +5 ring of strength
MPRegen  0.15/turn              m - ring of flight

@: very slightly contaminated, very quick
A: very small, unfitting armour, see invisible, herbivore, speed 3, slow
metabolism 2
a: Evoke Flight


You were on level 5 of the Dungeon.
You were not hungry.

You visited 1 branch of the dungeon, and saw 5 of its levels.

You collected 211 gold pieces.

Inventory:

Hand Weapons
 e - a +1 dagger of venom (weapon)
Armour
 b - a +0 robe (worn)
 i - a cursed +0 buckler (worn)
 k - a +0 cloak (worn)
Jewellery
 f - a +5 ring of strength (left hand)
 g - a +3 amulet of reflection (around neck)
 l - a cursed ring of teleportation {unknown}
 m - a ring of flight (right hand)
Scrolls
 a - 8 scrolls of identify
 o - 2 scrolls of teleportation
Potions
 h - a potion of magic {unknown}
 j - a potion of ambrosia {unknown}
 n - a potion of invisibility {unknown}
Books
 c - a book of Maledictions

   Spells                             Type                      Level
   a - Corona                         Hexes                        1
   b - Ensorcelled Hibernation        Hexes/Ice                    2
   c - Confuse                        Hexes                        3
   d - Tukima's Dance                 Hexes                        3
   e - Dazzling Spray                 Conjuration/Hexes            3
Comestibles
 d - 4 rations


   Skills:
 + Level 2.1 Short Blades
 + Level 4.0 Dodging
 + Level 7.2 Stealth
 * Level 6.3 Spellcasting
 + Level 5.7 Hexes
 - Level 0.3 Ice Magic


You had 7 spell levels left.
You knew the following spells:

 Your Spells              Type           Power        Failure   Level  Hunger
a - Dazzling Spray        Conj/Hex       ###...       17%         3    ##.....
b - Ensorcelled Hibernat  Hex/Ice        ###...       8%          2    None
c - Confuse               Hex            ####....     5%          3    ##.....
d - Tukima's Dance        Hex            ####....     5%          3    ##.....


Dungeon Overview and Level Annotations

Branches:
Dungeon (5/15)
 Temple: D:4-7

Altars:
Cheibriados
Elyvilon
Hepliaklqana
Makhleb
Ru
Xom
Yredelemnul

Portals:
Ossuary: D:5


Innate Abilities, Weirdness & Mutations

You are very small and have problems with some larger weapons.
You are too small for most types of armour.
You have supernaturally acute eyesight. (SInv)
You are a herbivore.
You cover ground extremely quickly.
You need consume almost no food.


Message History

You open the door.
A mummy comes into view.
Found a sand-covered staircase.
There is an open door here.
Casting: Confuse
Confirm with . or Enter, or press ? or * to list all spells.
Aiming: Confuse
Press: ? - help, Shift-Dir - straight line, f - mummy
Aim: a mummy (chance to defeat MR: 56%)
You miscast Confuse.
You are very lightly contaminated with residual magic.
You feel a bit tired. The mummy hits you!
Casting: Confuse
Confirm with . or Enter, or press ? or * to list all spells.
Aiming: Confuse
Press: ? - help, Shift-Dir - straight line, f/p - mummy
Aim: a mummy (chance to defeat MR: 56%)
The mummy appears confused.
The mummy hits you!
Ouch! That really hurt!
You die...

...# #.# $..##.'.#
#.<# #.##..#.###.## #
..# #.#..##..##..#.#
#..# #...###...#....#
...# #..##.'.....##..#
#..# #...###...#.# #.#
#..## #.#..##..##.# .#
#...###.##..#.###.# #
#....##.###..##M@.#
)....>#.# #...###.#
........# #.#..##.#
#.....###
#.##..#.###.# ##...##
#...........#
##.#######.##.....####
###.........#####.##
>...........# ###
.......#####


You could see a mummy (confused).

Vanquished Creatures
  A sky beast (D:5)
  2 hounds (D:4)
  An orc priest (D:4)
  3 orc wizards (D:3)
  A centaur skeleton (D:4)
  3 worker ants (D:4)
  Robin (D:3)
  5 adders
  3 gnolls (D:5)
  2 shadow imps
  2 worms
  3 dart slugs
  3 leopard geckos
  13 orcs
  A ball python (D:2)
  4 giant cockroaches
  14 goblins
  11 hobgoblins
  2 quokkas (D:5)
  7 bats
  3 frilled lizards
  A jackal skeleton (D:4)
  6 kobolds
  A kobold zombie (D:5)
  An orc zombie (D:5)
  13 rats
107 creatures vanquished.

Vanquished Creatures (collateral kills)
  An orc wizard (D:4)
1 creature vanquished.

Vanquished Creatures (others)
  4 dancing weapons
  A goblin (D:3)
5 creatures vanquished.

Grand Total: 113 creatures vanquished

Notes
Turn   | Place    | Note
-------+----------+-------------------------------------------
     0 | D:1      | Ikesh the Spriggan Enchanter began the quest for the Orb.
     0 | D:1      | Reached XP level 1. HP: 9/9 MP: 5/5
   137 | D:1      | Reached XP level 2. HP: 7/13 MP: 4/6
   141 | D:1      | Learned a level 2 spell: Ensorcelled Hibernation
  1004 | D:2      | Found a white marble altar of Elyvilon.
  1015 | D:1      | Reached XP level 3. HP: 15/16 MP: 8/8
  1154 | D:2      | Reached skill level 5 in Stealth
  1226 | D:2      | Found a shimmering altar of Xom.
  1227 | D:2      | Found a hazy altar of Hepliaklqana.
  1227 | D:2      | Noticed an unseen horror
  1228 | D:2      | Noticed an unseen horror
  1228 | D:2      | Noticed a spectral ugly thing
  1872 | D:3      | Found a snail-covered altar of Cheibriados.
  1881 | D:3      | Reached XP level 4. HP: 12/21 MP: 10/10
  1912 | D:3      | Learned a level 3 spell: Confuse
  1916 | D:3      | Learned a level 3 spell: Tukima's Dance
  1987 | D:3      | Found a burning altar of Makhleb.
  2076 | D:3      | Noticed Robin
  3062 | D:3      | Found a basalt altar of Yredelemnul.
  3062 | D:3      | Found a sacrificial altar of Ru.
  3223 | D:3      | Killed Robin
  3426 | D:3      | Reached XP level 5. HP: 3/24 MP: 1/12
  3429 | D:3      | Found a faded altar of an unknown god.
  3788 | D:3      | Learned a level 3 spell: Dazzling Spray
  4065 | D:4      | Found a sacrificial altar of Ru.
  4077 | D:4      | Reached skill level 6 in Stealth
  4077 | D:4      | Reached skill level 5 in Spellcasting
  4077 | D:4      | Reached skill level 5 in Hexes
  4259 | D:4      | Reached XP level 6. HP: 28/28 MP: 9/14
  5041 | D:5      | Entered Level 5 of the Dungeon
  5049 | D:5      | Noticed a sky beast
  5056 | D:5      | Killed a sky beast
  5056 | D:5      | Reached skill level 7 in Stealth
  5056 | D:5      | Reached XP level 7. HP: 32/32 MP: 15/17
  5478 | D:5      | Found a sand-covered staircase.
  5481 | D:5      | Slain by a mummy

Skill      XL: |  1  2  3  4  5  6 |
---------------+-------------------+-----
Hexes          | 4 5 |  5.7
Spellcasting   | 3 4 5 6 |  6.3
Stealth        | 5 6 7 |  7.2
Short Blades   | 2 |  2.1
Dodging        | 4 |  4.0
Ice Magic      | |  0.3

Action                   |  1- 3 |  4- 6 |  7- 9 || total
-------------------------+-------+-------+-------++-------
Melee: Dagger            |    93 |   140 |    44 ||   277
 Cast: Corona            |     9 |       |       ||     9
       Ensorcelled Hiber |    22 |    29 |    10 ||    61
       Tukima's Dance    |       |    12 |     4 ||    16
       Confuse           |       |     8 |     4 ||    12
  Use: Scroll            |     5 |     4 |       ||     9
       Potion            |     1 |     1 |       ||     2
 Stab: Sleeping          |    23 |    19 |     6 ||    48
       Distracted        |       |     2 |       ||     2
       Confused          |       |     2 |       ||     2
  Eat: Ration            |       |     3 |       ||     3
Armor: Robe              |     7 |    11 |     2 ||    20
Dodge: Dodged            |    54 |    79 |    27 ||   160
Block: Other             |     4 |       |       ||     4
       Buckler           |     9 |    57 |    11 ||    77
       Reflection        |       |     4 |       ||     4
